 Dungeon Crawl Stone Soup version 0.28.0 (webtiles) character file.

Game seed: 13062631559602266720

53 Akaron the Digger (level 3, -1/21 HPs)
             Began as an Octopode Earth Elementalist on Feb 6, 2022.
             Slain by an iguana (13 damage)
             ... on level 2 of the Dungeon.
             The game lasted 00:03:52 (1504 turns).

Akaron the Digger (Octopode Earth Elementalist)     Turns: 1504, Time: 00:03:53

Health: -1/21      AC:  1    Str:  7    XL:     3   Next: 89%
Magic:  11/16      EV: 13    Int: 19    God:
Gold:   40         SH:  0    Dex: 12    Spells: 1/7 levels left

rFire   . . .      SeeInvis .   (no weapon)
rCold   . . .      Faith    .   (no shield)
rNeg    . . .      Spirit   .   (helmet restricted)
rPois   .          Reflect  .   h - amulet of regeneration
rElec   .          Harm     .   b - ring of magical power
rCorr   .          Rampage  .   (no ring)
Will    .....                   (no ring)
Stlth   +++.......              (no ring)
HPRegen 0.87/turn               (no ring)
MPRegen 0.15/turn               (no ring)
                                (no ring)
                                (no ring)

@: no status effects
A: almost no armour, amphibious, 8 rings, camouflage 1, gelatinous body 1,
(nimble swimmer 1), tentacles
a: no special abilities


You were on level 2 of the Dungeon.
You visited 1 branch of the dungeon, and saw 2 of its levels.

You collected 40 gold pieces.

Inventory:

Missiles
 k - 6 stones
Armour
 g - an orb of guile
Jewellery
 b - a ring of magical power (left tentacle)
 h - an amulet of regeneration (around mantle)
Scrolls
 d - a scroll of immolation {unknown}
 e - a scroll of identify {unknown}
 f - a scroll of silence {unknown}
 i - 2 scrolls of enchant armour {unknown}
 j - a scroll of teleportation {unknown}
Potions
 a - a potion of lignification {unknown}
 c - a potion of curing {unknown}


   Skills:
 + Level 2.2 Dodging
 - Level 3.1 Stealth
 + Level 0.3 Unarmed Combat
 + Level 2.8 Spellcasting
 * Level 0.3 Conjurations
 + Level 1.0 Transmutations
 + Level 3.6 Earth Magic


You had one spell level left.
You knew the following spells:

 Your Spells              Type           Power      Damage    Failure   Level
a - Sandblast             Erth           32%        2d9       3%          1
b - Passwall              Tmut/Erth      9%         N/A       9%          2
c - Stone Arrow           Conj/Erth      20%        3d8       21%         3

Your spell library contained the following spells:

 Spells                   Type           Power      Damage    Failure   Level
 Petrify                  Tmut/Erth      11%        N/A       52%         4


Dungeon Overview and Level Annotations

Branches:
Dungeon (2/15)

Altars:

Annotations:
D:2 Sigmund


Innate Abilities, Weirdness & Mutations

You cannot wear most types of armour.
You are amphibious.
You can wear up to eight rings at the same time.
Your skin changes colour to match your surroundings (Stealth+).
Your rubbery body absorbs attacks. (AC +1, EV +1)
((You are camouflaged when in or above water. (Stealth+)))
You have tentacles for arms and can constrict up to eight enemies at once.


Message History

A rat comes into view.
Found a gnoll skeleton and 11 stones.
Found a gnoll skeleton.
The rat bites you.
There is an open door here.
You barely miss the rat. Your grab misses the rat. The rat bites you.
You closely miss the rat. You grab the rat. You constrict the rat.
The rat bites you.
You tentacle-slap the rat but do no damage.
The rat is moderately wounded.
You constrict the rat. The rat barely misses you.
You tentacle-slap the rat but do no damage.
The rat is severely wounded.
You constrict the rat.
You kill the rat!
You see here a rat corpse.
k - 11 stones You open the door.
Found a faded altar of an unknown god.
There is an open door here.
There is an open door here.
There is an open door here. 2 jackals come into view.
The blast of sand hits the adder!
The adder is severely wounded.
The adder hisses angrily.
The blast of sand misses the adder.
The iguana hisses angrily.
The adder barely misses you.
The blast of sand hits the adder.
You kill the adder!
The iguana closely misses you.
The blast of sand hits the iguana but does no damage.
The jackal barks!
You hear an angry hiss.
The iguana bites you!
The blast of sand hits the iguana!
The iguana is heavily wounded.
An adder comes into view.
The iguana bites you!
Ouch! That really hurt!
You die... .. . #. ...# #.# S#. #hh

.. #.. ..# # ######
####.###.#.# #....#
+......lh..# #....#
#.#.@†..## #....#
#...♣♣♣....+....#
##..♣♣_♣♣..##....#
##..♣♣♣.P♣♣..#†...#
#..♣♣PP..P♣♣...#######
#.♣♣PPP..P.♣♣........#
#.♣PP.P..PPP♣..#####.#
#.♣P###'###.♣..# #†##
#.♣♣#.....#♣♣..# #...


You could see an iguana, an adder and a jackal.

Vanquished Creatures
  An adder (D:2)
  2 dart slugs (D:1)
  2 ball pythons
  6 endoplasms (D:1)
  2 giant cockroaches (D:1)
  2 goblins (D:1)
  5 hobgoblins
  2 jackals (D:1)
  2 quokkas (D:1)
  5 bats
  A frilled lizard (D:1)
  4 kobolds (D:1)
  2 rats
36 creatures vanquished.

Notes
Turn   | Place    | Note
-------+----------+-------------------------------------------
     0 | D:1      | Akaron the Octopode Earth Elementalist began the quest for
                  | the Orb.
     0 | D:1      | Reached XP level 1. HP: 11/11 MP: 3/3
   138 | D:1      | Reached XP level 2. HP: 9/17 MP: 0/5
   689 | D:1      | Reached XP level 3. HP: 21/21 MP: 2/6
   959 | D:1      | Learned a level 2 spell: Passwall
  1139 | D:1      | Learned a level 3 spell: Stone Arrow
  1303 | D:2      | Noticed Sigmund
  1470 | D:2      | Found a faded altar of an unknown god.
  1504 | D:2      | Slain by an iguana

Illustrated notes

Levels and vault maps discovered:
D:1:      wheals_arrival_linesprint, layout_rooms
D:2:      layout_basic, dilly_ecumenical_altar_fadedgnrine, uniq_sigmund

Skill      XL: |  1 |
---------------+----+-----
Stealth        | 3 |  3.1
Dodging        | |  2.2
Unarmed Combat | |  0.3
Spellcasting   | |  2.8
Conjurations   | |  0.3
Transmutations | |  1.0
Earth Magic    | |  3.6

Action                   || total
-------------------------++-------
Melee: Unarmed           ||    32
       Tentacles         ||     8
       Constrict         ||    10
 Cast: Sandblast         ||    39
 Stab: Sleeping          ||     1
Armor: Skin              ||     7
Dodge: Dodged            ||    35
